 Dungeon Crawl Stone Soup version 0.29.1-12-g30fa7ad0bf (webtiles) character file.

Game seed: 9443952674194035863

7 javelincjr the Trooper (level 2, 0/29 HPs)
             Began as a Gnoll Wanderer on Jan 18, 2023.
             Slain by a jackal (2 damage)
             ... on level 1 of the Dungeon.
             The game lasted 00:01:30 (81 turns).

javelincjr the Trooper (Gnoll Wanderer)               Turns: 81, Time: 00:01:30

Health: 0/29       AC:  3    Str: 11    XL:     2   Next: 4%
Magic:  2/7        EV: 11    Int: 11    God:
Gold:   11         SH:  0    Dex: 11    Spells: 9/10 levels left

rFire   . . .      SeeInvis .   a - +0 club
rCold   . . .      Faith    .   (no shield)
rNeg    . . .      Spirit   .   d - +0 robe
rPois   .          Reflect  .   b - +0 helmet
rElec   .          Harm     .   (no cloak)
rCorr   .          Rampage  .   (no gloves)
Will    .....                   (no boots)
Stlth   +++.......              (no amulet)
HPRegen 0.09/turn               (no ring)
MPRegen 0.10/turn               (no ring)

@: no status effects
A: fangs 1, strong nose, distributed training
a: no special abilities


You were on level 1 of the Dungeon.
You visited 1 branch of the dungeon, and saw 1 of its levels.

You collected 11 gold pieces.

Inventory:

Hand Weapons
 a - a +0 club (weapon)
Armour
 b - a +0 helmet (worn)
 d - a +0 robe (worn)
Scrolls
 c - a scroll of fear
 e - a scroll of teleportation


   Skills:
 + Level 6.4 Fighting
 + Level 0.2 Short Blades
 + Level 0.2 Long Blades
 + Level 0.2 Axes
 + Level 0.2 Maces & Flails
 + Level 0.2 Polearms
 + Level 0.2 Staves
 + Level 0.2 Ranged Weapons
 + Level 0.2 Throwing
 + Level 0.2 Armour
 + Level 0.2 Dodging
 + Level 5.9 Stealth
 + Level 0.2 Shields
 + Level 0.2 Unarmed Combat
 + Level 4.9 Spellcasting
 + Level 0.1 Conjurations
 + Level 0.1 Hexes
 + Level 0.1 Summonings
 + Level 0.1 Necromancy
 + Level 0.1 Translocations
 + Level 0.1 Transmutations
 + Level 0.1 Fire Magic
 + Level 0.1 Ice Magic
 + Level 0.1 Air Magic
 + Level 0.1 Earth Magic
 + Level 3.6 Poison Magic
 + Level 0.3 Invocations
 + Level 0.2 Evocations


You had 9 spell levels left.
You knew the following spells:

 Your Spells              Type           Power      Damage    Failure   Level
a - Sting                 Tmut/Pois      24%        1d4       10%         1

Your spell library contained the following spells:

 Spells                   Type           Power      Damage    Failure   Level
 Poisonous Vapours        Pois/Air       12%        N/A       16%         2
 Mephitic Cloud           Conj/Pois/Air  5%         N/A       36%         3


Dungeon Overview and Level Annotations

Branches:
Dungeon (1/15)

Altars:


Innate Abilities, Weirdness & Mutations

You have very sharp teeth.
Your uncanny sense of smell can sniff out nearby items.
Your experience applies equally to all skills.


Message History

The quokka bites you but does no damage.
You closely miss the jackal.
The jackal is severely wounded.
The jackal bites you but does no damage.
The jackal closely misses you. The quokka closely misses you.
The jackal bites you.
* * * LOW HITPOINT WARNING * * *
The jackal misses you.
You hit the jackal. You bite the jackal.
You kill the jackal!
The bat closely misses you. The quokka barely misses you.
The jackal misses you. The quokka barely misses you.
The jackal closely misses you.
You have reached level 2!
Unknown command.
Aiming: Sting (safe; 10% risk of failure)
Press: ? - help, Q - select action Shift-Dir - straight line, f - quokka
Aim: a quokka (56% to hit)
The sting hits the quokka.
The quokka is poisoned.
The quokka is severely wounded.
The bat hits you but does no damage. The quokka completely misses you.
The jackal barely misses you.
You hit the jackal but do no damage. The bat closely misses you.
The jackal closely misses you.
The quokka bites you but does no damage.
The jackal bites you but does no damage.
The quokka barely misses you.
You closely miss the jackal. The bat barely misses you. The jackal bites you.
* * * LOW HITPOINT WARNING * * *
The quokka closely misses you.
You closely miss the jackal. The bat hits you but does no damage.
The jackal barely misses you. The quokka bites you.
* * * LOW HITPOINT WARNING * * *
The jackal closely misses you. The quokka closely misses you.
You hit the jackal but do no damage.
You kill the quokka!
The bat hits you but does no damage. The jackal bites you.
* * * LOW HITPOINT WARNING * * *
The jackal bites you.
You die...

.###....####.#.......#
........## #.+.8.<.8.+
###......# ###.......#
.......#.## #.8.8.8.#
.#..#.....####.......#
#.#.........####+####
...#.......b..# ..# .#
#..........##.#
#.......@h....##
#########h.....##
#........#
#.h#..#.....
..........#...
.###.###.....## #.
#.#.... #. .##... #.
.. ...


You could see 2 jackals and a bat.

Vanquished Creatures
  A hobgoblin (D:1)
  4 jackals (D:1)
  A quokka (D:1)
  A ball python (D:1)
7 creatures vanquished.

Notes
Turn   | Place    | Note
-------+----------+-------------------------------------------
     0 | D:1      | javelincjr the Gnoll Wanderer began the quest for the Orb.
     0 | D:1      | javelincjr set off with the following items: a +0 club, a
                  | +0 helmet, a scroll of fear, a +0 robe, a scroll of
                  | teleportation; and the following spell memorised: Sting;
                  | and the following spells available to memorise: Poisonous
                  | Vapours, Mephitic Cloud.
     0 | D:1      | Reached XP level 1. HP: 23/23 MP: 6/6
    77 | D:1      | Reached XP level 2. HP: 7/29 MP: 2/7
    81 | D:1      | Slain by a jackal

Illustrated notes

Levels and vault maps discovered:
D:1:      doesnt_arrival_eight_statues, layout_rooms,
          hellmonk_ecumenical_altar_lost_god

Action                   || total
-------------------------++-------
Melee: Club              ||    13
       Bite              ||     1
 Cast: Sting             ||     7
Armor: Robe              ||    19
Dodge: Dodged            ||    47
